 Dungeon Crawl Stone Soup version 0.27-a0-1219-g958d993ae5 (webtiles) character file.

Game seed: 8625587726751614390

6640 ZappyNine the Fighter (level 11, -7/87 HPs)
             Began as a Djinni Conjurer on June 6, 2021.
             Was a Believer of Makhleb.
             Mangled by an orc warrior
             ... wielding a +0 battleaxe
              (17 damage)
             ... in a bailey.
             The game lasted 00:20:17 (13941 turns).

ZappyNine the Fighter (Djinni Conjurer)            Turns: 13941, Time: 00:20:17

Health: -7/87      AC:  4    Str:  6    XL:     11   Next: 22%
Gold:   368        EV: 11    Int: 29    God:    Makhleb [**....] SH:  5 Dex: 12

rFire    + + +     SeeInvis .   E - +1 dagger (speed)
rCold    . . .     Faith    .   A - +2 buckler
rNeg     . . .     Spirit   .   a - +0 robe
rPois    ∞         Reflect  .   (no helmet)
rElec    .         Harm     .   G - scarf {rC+ rF+}
rCorr    .         Rampage  .   F - +1 pair of gloves
Will     +....                  (boots unavailable)
Stlth    ++........             (no amulet)
HPRegen  0.24/turn              p - +6 ring of intelligence
MPRegen  0.00/turn              (no ring)

@: flying
A: sickness immunity, fire resistance 2, cold vulnerability 1, float, innate
caster, hp casting, extra vitality 1
a: Renounce Religion, Minor Destruction


You were in a bailey.
You worshipped Makhleb.
Makhleb was pleased with you.
You visited 2 branches of the dungeon, and saw 10 of its levels.
You also visited: Bailey.

You collected 407 gold pieces.
You spent 39 gold pieces at shops.

Inventory:

Hand Weapons
 y - a +0 dagger of holy wrath
 E - a +1 dagger of speed (weapon)
Missiles
 v - 9 curare-tipped darts
Armour
 a - a +0 robe (worn)
 u - a +0 cloak
 A - a +2 buckler (worn)
 F - a +1 pair of gloves (worn)
 G - a scarf of resistance (worn)
Jewellery
 p - a +6 ring of intelligence (left hand)
 H - a +6 ring of strength
Wands
 b - a wand of polymorph (5)
Scrolls
 e - 2 scrolls of holy word
 f - 4 scrolls of teleportation
 g - 2 scrolls of blinking
 i - 9 scrolls of identify
 k - 2 scrolls of fear
 B - a scroll of amnesia {unknown}
 C - 2 scrolls of torment {unknown}
 D - a scroll of immolation {unknown}
Potions
 c - a potion of curing
 d - a potion of lignification
 h - a potion of might {unknown}
 j - 2 potions of haste
 l - 4 potions of flight
 m - 2 potions of magic {unknown}
 o - a potion of heal wounds
 q - a potion of ambrosia
 x - a potion of resistance {unknown}


   Skills:
 + Level 11.4 Fighting
 - Level 2.1 Dodging
 - Level 1.5 Stealth
 + Level 9.6 Spellcasting


You had one spell level left.
You knew the following spells:

 Your Spells              Type           Power      Damage    Failure   Level
a - Magic Dart            Conj           100%       1d8       1%          1
b - Searing Ray           Conj           100%       3d7       1%          2
c - Dazzling Flash        Conj/Hex       100%       N/A       1%          3
d - Fulminant Prism       Conj/Hex       31%        3d16      1%          4
e - Iskenderun's Mystic   Conj/Tloc      63%        2d13      1%          4
f - Beastly Appendage     Tmut           100%       N/A       1%          1
g - Corpse Rot            Necr/Air       N/A        N/A       1%          2
h - Mephitic Cloud        Conj/Pois/Air  63%        N/A       1%          3
i - Tukima's Dance        Hex            63%        N/A       1%          3
j - Lightning Bolt        Conj/Air       31%        1d48      3%          5
Your spell library was empty.

Dungeon Overview and Level Annotations

Branches:
Dungeon (9/15)             Temple (1/1) D:7          Bailey (1/1)
   Lair: D:8-11         Orc: D:9-12

Altars:
Ashenzari
Cheibriados
Dithmenos
Elyvilon
Fedhas
Gozag
Kikubaaqudgha
Makhleb
Nemelex Xobeh
Okawaru
Qazlal
Sif Muna
Trog
Uskayaw
Vehumet
Wu Jian
Xom
Yredelemnul
Zin
The Shining One

Shops:
D:2 *[


Innate Abilities, Weirdness & Mutations

You are immune to sickness and miasma.
You are immune to poison.
Your flesh is very heat resistant. (rF++)
You are vulnerable to cold. (rC-)
You float through the air rather than walking.
You learn spells naturally, not from books.
Your magical power is your life essence.
You have superior vitality. (+4 HP)


Message History

* * * LOW HITPOINT WARNING * * *
Unknown command.
The searing ray hits the orc warrior!
The orc warrior is heavily wounded.
* * * LOW HITPOINT WARNING * * *
The orc warrior barely misses you.
Unknown command.
Unknown command.
The searing ray misses the orc warrior.
* * * LOW HITPOINT WARNING * * *
You block the orc warrior's attack.
Unknown command.
The searing ray hits the orc warrior.
The orc warrior is severely wounded.
* * * LOW HITPOINT WARNING * * *
You finish channeling your searing ray.
An orc comes into view. It is wielding a +0 hand axe.
The orc warrior closely misses you.
Unknown command.
Unknown command.
The orc warrior hits you with a +0 battleaxe!
* * * LOW HITPOINT WARNING * * *
Unknown command.
Unknown command.
Casting: Searing Ray (safe; 1% risk of failure)
Confirm with . or Enter, or press ? or * to list all spells.
Aiming: Searing Ray (safe; 1% risk of failure)
Press: ? - help, Shift-Dir - straight line, f/p - orc warrior
Aim: an orc warrior, wielding a +0 battleaxe and wearing a +0 chain mail (severely wounded, 81% to hit)
The searing ray hits the orc warrior!
The orc warrior is almost dead. (Press . to maintain the ray.)
* * * LOW HITPOINT WARNING * * *
You block the orc warrior's attack.
Unknown command.
The searing ray hits the orc warrior but does no damage.
The orc warrior is almost dead.
* * * LOW HITPOINT WARNING * * *
The orc warrior hits you with a +0 battleaxe!
You die...

♣..........♣♣
♣♣....∩.....♣
♣♣........♣♣
♣.......♣♣ ♣##'''##♣
##.....## #.......#
##.......##
#....@....#
##....o....##
#######.....).....#
##..)..##[.).)....##
#.).)).)+)...)....'.
##.).).))##.......##..
#.....)..)#.......# .
##.)[.)...)##.....##
#.....⌠)..).#######


You could see an orc warrior.

Vanquished Creatures
  2 orc knights (Bailey)
  A manticore (D:7)
  A troll (D:6)
  A hornet (D:7)
  Sigmund (D:2)
  4 yaks (D:9)
  Eustachio (D:4)
  A steam dragon (D:8)
  7 orc warriors
  3 sky beasts
  A hornet zombie (D:6)
  A necrophage (D:5)
  An ice beast (D:7)
  5 ogres
  4 centaurs
  3 kobold brigands
  A gnoll sergeant (D:8)
  5 killer bees (D:8)
  2 electric eels (D:7)
  A howler monkey (D:5)
  2 centaur zombies
  2 hounds
  4 jellies
  2 orc priests (D:8)
  3 centaur skeletons
  3 iguanas
  Natasha (thrice) (D:2)
  7 orc wizards
  Robin (D:2)
  16 gnolls
  A howler monkey skeleton (D:7)
  9 adders
  An ufetubus (D:6)
  An adder skeleton (D:4)
  3 worms
  28 orcs
  7 ball pythons
  3 endoplasms
  4 giant cockroaches
  17 goblins
  16 hobgoblins
  11 jackals
  17 kobolds
  5 quokkas
  6 bats
  2 frilled lizards (D:1)
  6 rats
  A fulminant prism (D:7)
227 creatures vanquished.

Vanquished Creatures (collateral kills)
  An orc warrior (Bailey)
1 creature vanquished.

Vanquished Creatures (others)
  24 fulminant prisms
  9 plants (D:7)
33 creatures vanquished.

Grand Total: 261 creatures vanquished

Notes
Turn   | Place    | Note
-------+----------+-------------------------------------------
     0 | D:1      | ZappyNine the Djinni Conjurer began the quest for the Orb.
     0 | D:1      | Reached XP level 1. HP: 15/15 MP: 0/0
   355 | D:1      | Reached skill level 1 in Fighting
   355 | D:1      | Reached XP level 2. HP: 5/22 MP: 0/0
  1392 | D:1      | Reached XP level 3. HP: 26/27 MP: 0/0
  1392 | D:1      | Learned a level 1 spell: Beastly Appendage
  2360 | D:2      | Noticed Natasha
  2372 | D:2      | Reached skill level 2 in Fighting
  2372 | D:2      | Killed Natasha
  2373 | D:2      | Reached XP level 4. HP: 4/34 MP: 0/0
  2932 | D:2      | Noticed Robin
  2935 | D:2      | Noticed Natasha
  2947 | D:2      | Killed Robin
  2954 | D:2      | Reached XP level 5. HP: 12/40 MP: 0/0
  2954 | D:2      | Learned a level 2 spell: Corpse Rot
  2954 | D:2      | Killed Natasha
  2955 | D:2      | Reached skill level 3 in Fighting
  3250 | D:2      | Noticed Natasha
  3257 | D:2      | Found Deanaote's General Store.
  3260 | D:2      | Killed Natasha
  3332 | D:2      | Bought a scroll of teleportation for 39 gold pieces
  3595 | D:2      | Noticed Sigmund
  3607 | D:2      | Killed Sigmund
  3608 | D:2      | Reached skill level 4 in Fighting
  3608 | D:2      | Reached XP level 6. HP: 5/48 MP: 0/0
  3893 | D:2      | Found Siqaba's Armour Boutique.
  4096 | D:3      | Found a faded altar of an unknown god.
  4401 | D:3      | Reached XP level 7. HP: 47/53 MP: 0/0
  4401 | D:3      | Learned a level 3 spell: Mephitic Cloud
  5021 | D:4      | Noticed Eustachio
  5036 | D:4      | Killed Eustachio
  5037 | D:4      | Reached skill level 5 in Fighting
  5037 | D:4      | Reached skill level 5 in Spellcasting
  6296 | D:5      | Entered Level 5 of the Dungeon
  6381 | D:5      | Reached XP level 8. HP: 58/61 MP: 0/0
  6757 | D:5      | Reached skill level 6 in Fighting
  7638 | D:6      | Reached skill level 7 in Fighting
  7853 | D:6      | Noticed a troll
  7864 | D:6      | Killed a troll
  7865 | D:6      | Reached XP level 9. HP: 27/68 MP: 0/0
  7865 | D:6      | Learned a level 3 spell: Tukima's Dance
  8811 | D:6      | Reached skill level 8 in Fighting
  9918 | D:7      | Noticed a hornet
 10327 | D:7      | Killed a hornet
 10328 | D:7      | Reached skill level 9 in Fighting
 10407 | D:7      | Noticed a manticore
 10549 | D:7      | Killed a manticore
 10550 | D:7      | Reached XP level 10. HP: 41/78 MP: 0/0
 10941 | D:7      | Found a staircase to the Ecumenical Temple.
 10946 | Temple   | Entered the Ecumenical Temple
 11176 | Temple   | Became a worshipper of Makhleb the Destroyer
 11866 | D:8      | Reached skill level 10 in Fighting
 12765 | D:8      | Found a blossoming altar of Fedhas.
 12767 | D:8      | Found a white marble altar of Elyvilon.
 12767 | D:8      | Found an iron altar of Okawaru.
 13277 | D:9      | Reached * piety under Makhleb
 13487 | D:9      | Found a flagged portal.
 13596 | Bailey   | Entered a bailey
 13682 | Bailey   | Noticed an orc knight
 13692 | Bailey   | Killed an orc knight
 13693 | Bailey   | Reached skill level 11 in Fighting
 13693 | Bailey   | Reached XP level 11. HP: 21/87 MP: 0/0
 13693 | Bailey   | Learned a level 5 spell: Lightning Bolt
 13715 | Bailey   | Noticed an orc knight
 13730 | Bailey   | Killed an orc knight
 13814 | Bailey   | Reached ** piety under Makhleb
 13941 | Bailey   | Mangled by an orc warrior

Illustrated notes

Levels and vault maps discovered:
D:1:      sevenhm_arrival_forest_fort_large_2, layout_loops_corners
D:2:      layout_basic, serial_shops, shop, shop, uniq_robin, uniq_natasha,
          uniq_sigmund
D:3:      layout_basic, hellmonk_ecumenical_altar_heavens_door
D:4:      layout_basic, serial_curves, eino_curves_01, eino_curves_02,
          eino_curves_04, eino_curves_02, uniq_eustachio
D:5:      layout_gridville, st_stairs_8, hangedman_decor_push
D:6:      layout_layer_cave
D:7:      layout_cave_pools, minmay_temple_entry_nine_rooms,
          minmay_misc_feat_chi, chequers_big_river
D:8:      layout_loops_ring, grunt_temple_overflow_open, hex_large
D:9:      layout_stronghold, serial_shops, shop_fountains, enter_bailey_3,
          minivault_24, grunt_decor_clamped, kennysheep_generic_room_13
Temple:   dpeg_five_rooms_temple
Bailey:   bailey_axe_minmay_hex_keep, bailey

Skill      XL: |  1  2  3  4  5  6  7  8  9 10 |
---------------+-------------------------------+-----
Fighting       | 1 2 4 5 7 9 11 | 11.4
Spellcasting   | 4 5 6 8 9 |  9.6
Dodging        | |  2.1
Stealth        | |  1.5

Action                   |  1- 3 |  4- 6 |  7- 9 | 10-12 || total
-------------------------+-------+-------+-------+-------++-------
Melee: War axe           |    53 |    43 |    40 |       ||   136
       Dagger            |       |       |     3 |    20 ||    23
 Cast: Magic Dart        |     1 |     1 |       |       ||     2
       Searing Ray       |     8 |    13 |    53 |    34 ||   108
       Dazzling Flash    |       |     3 |     2 |       ||     5
       Fulminant Prism   |       |     1 |    11 |    13 ||    25
       Iskenderun's Myst |       |       |     8 |    21 ||    29
       Lightning Bolt    |       |       |       |     3 ||     3
       Tukima's Dance    |       |       |       |     3 ||     3
Evoke: Wand              |       |       |       |    13 ||    13
  Use: Potion            |       |     4 |     1 |     6 ||    11
       Scroll            |       |       |       |    11 ||    11
 Stab: Sleeping          |     3 |     1 |     3 |       ||     7
Armor: Robe              |    11 |    24 |    27 |    10 ||    72
Dodge: Dodged            |    58 |    57 |    76 |    37 ||   228
Block: Buckler           |       |       |     7 |    10 ||    17

Table legend: (Time is in decaauts)
 A = Elapsed time spent in this place.
 B = Non-inter-level travel time spent in this place.
 C = Inter-level travel time spent in this place.
 D = Time resting spent in this place.
 E = Time spent auto-exploring this place.
 F = Levels seen in this place.
 G = Mean time per level.
                   A        B        C        D        E       F      G
               +--------+--------+--------+--------+--------+-----+--------+
         Total |  13997 |  13609 |    388 |   4554 |   7571 |  11 | 1272.5 |
       Dungeon |  13405 |  13103 |    302 |   4403 |   7357 |   9 | 1489.4 |
        Temple |    265 |    179 |     86 |      0 |    178 |   1 |  265.0 |
        Bailey |    325 |    325 |      0 |    150 |     36 |   1 |  325.0 |
               +--------+--------+--------+--------+--------+-----+--------+

Top non-repeatable levels by time:
     D:1: 2421 daAuts
     D:6: 2399 daAuts
     D:2: 1696 daAuts
     D:8: 1689 daAuts
     D:7: 1518 daAuts
     D:4: 1322 daAuts
     D:5: 1039 daAuts
     D:3: 931 daAuts
     D:9: 387 daAuts
  Bailey: 325 daAuts
  Temple: 265 daAuts
